 Dungeon Crawl Stone Soup version 0.29.1-1-gd02db6906a (webtiles) character file.

Game seed: 5713261100967444804

1029 Metae the Covered (level 8, -2/71 HPs)
             Began as a Minotaur Fighter on Sept 25, 2022.
             Was an Initiate of Trog.
             Slain by an orc
             ... wielding a +0 mace
              (6 damage)
             ... on level 5 of the Dungeon.
             The game lasted 00:16:10 (6863 turns).

Metae the Covered (Minotaur Fighter)                Turns: 6863, Time: 00:16:10

Health: -2/71      AC: 11    Str: 24    XL:     8   Next: 3%
Magic:  7/7        EV:  6    Int:  5    God:    Trog [......]
Gold:   282        SH:  9    Dex:  9    Spells: 7/7 levels left

rFire   . . .      SeeInvis .   a - +0 trident
rCold   . . .      Faith    .   l - +0 kite shield
rNeg    . . .      Spirit   .   o - +0 chain mail
rPois   +          Reflect  .   (helmet restricted)
rElec   .          Harm     .   p - +0 cloak
rCorr   +          Rampage  .   (no gloves)
Will    .....                   (no boots)
Stlth   ..........              (no amulet)
HPRegen 0.21/turn               g - ring of poison resistance
MPRegen 0.10/turn               n - ring of resist corrosion

@: no status effects
A: horns 2, retaliatory headbutt
a: Renounce Religion


You were on level 5 of the Dungeon.
You worshipped Trog.
Trog was noncommittal.
You visited 2 branches of the dungeon, and saw 7 of its levels.

You collected 360 gold pieces.
You spent 78 gold pieces at shops.

Inventory:

Hand Weapons
 a - a +0 trident (weapon)
 k - a +0 sling
Missiles
 m - 38 stones (quivered)
Armour
 l - a +0 kite shield (worn)
 o - a +0 chain mail (worn)
 p - a +0 cloak (worn)
Jewellery
 g - a ring of poison resistance (left hand)
 n - a ring of resist corrosion (right hand)
Wands
 y - a wand of iceblast (9)
Scrolls
 i - 2 scrolls of teleportation
 s - a scroll of noise
 t - a scroll of summoning
 u - a scroll of blinking
 w - a scroll of brand weapon {unknown}
 x - 2 scrolls of enchant armour
Potions
 b - 2 potions of attraction
 c - a potion of mutation {unknown}
 d - 2 potions of might
 e - 3 potions of magic
 f - 2 potions of haste {unknown}
 h - a potion of flight {unknown}
 j - 5 potions of ambrosia
 q - 3 potions of curing
 r - a potion of degeneration {unknown}
 v - a potion of heal wounds {unknown}


   Skills:
 + Level 6.6 Fighting
 + Level 6.0 Polearms
 + Level 6.7 Armour
 + Level 6.6 Shields


You had 7 spell levels left.
You didn't know any spells.
Your spell library contained the following spells:

 Spells                   Type           Power      Damage    Failure   Level
 Inner Flame              Hex/Fire       0%         N/A       100%        3
 Cause Fear               Hex            0%         N/A       100%        4
 Discord                  Hex            0%         N/A       100%        8


Dungeon Overview and Level Annotations

Branches:
Dungeon (6/15)             Temple (1/1) D:5

Altars:
Ashenzari
Dithmenos
Elyvilon
Fedhas
Gozag
Hepliaklqana
Kikubaaqudgha
Nemelex Xobeh
Okawaru
Qazlal
Ru
Sif Muna
Trog
Uskayaw
Vehumet
Wu Jian
Xom
Yredelemnul
Zin
The Shining One

Shops:
D:2 *

Annotations:
D:3 2 runed translucent doors, Taroth's ghost, amateur DrFi


Innate Abilities, Weirdness & Mutations

You have a pair of horns on your head.
You reflexively headbutt those who attack you in melee.


Message History

An orc comes into view. It is wielding a +0 mace.
Your Polearms skill increases to level 6!
You have reached level 8!
You feel stronger.
You hit the orc priest. Your headbutt misses the orc priest.
The orc priest is lightly wounded.
You block the orc priest's attack.
You barely miss the orc priest.
You headbutt the orc priest, but do no damage.
The orc priest is lightly wounded.
You block the orc priest's attack.
You hit the orc priest. You headbutt the orc priest!
The orc priest is severely wounded.
The orc priest casts a cantrip, but nothing happens.
You completely miss the orc priest.
The orc shouts!
You headbutt the orc priest.
The orc priest is almost dead.
The orc priest mumbles some strange prayers to Beogh against you.
Beogh smites you!
* * * LOW HITPOINT WARNING * * *
You barely miss the orc priest.
The orc priest is almost dead.
The orc priest mumbles some strange prayers to Beogh against you.
Beogh smites you!
* * * LOW HITPOINT WARNING * * *
The orc priest barely misses you.
You puncture the orc priest!
You kill the orc priest!
Trog accepts your kill. The orc attacks as you move away!
You block the orc's attack.
There is a stone staircase leading up here.
The orc hits you but does no damage.
You climb upwards.
Reactivating autopickup.
There is a stone staircase leading down here.
The orc attacks as you move away! The orc hits you with a +0 mace.
* * * LOW HITPOINT WARNING * * *
The orc attacks as you move away! The orc hits you with a +0 mace.
You die...

..........#.................^....
........................[.......#
..........................#######
.......................##........
..............###......##.#######
..............###......##.#
..............#........##.#######
..................>....##........
................@o.....##.#######
#...........................#
......#####......#.....##.#.#####
..............###................
..............# ##.##..##.#.#####
..............# #......##.#.#
.....<........###..##.......###
..............#....##.........#
..............+........##.#.#.#


You could see an orc.

Vanquished Creatures
  Menkaure (D:5)
  An orc warrior (D:5)
  An ogre (D:5)
  A centaur (D:6)
  A kobold brigand (D:6)
  A necrophage (D:5)
  2 scorpions
  A howler monkey (D:5)
  An orc priest (D:6)
  2 jellies
  4 orc wizards
  Robin (D:2)
  4 adders
  A gnoll (D:1)
  An ufetubus (D:5)
  A worm (D:2)
  16 orcs
  3 ball pythons
  4 bats
  6 endoplasms
  4 giant cockroaches
  16 goblins
  9 hobgoblins
  10 jackals
  6 quokkas
  2 frilled lizards
  7 kobolds
  5 rats
112 creatures vanquished.

Notes
Turn   | Place    | Note
-------+----------+-------------------------------------------
     0 | D:1      | Metae the Minotaur Fighter began the quest for the Orb.
     0 | D:1      | Reached XP level 1. HP: 19/19 MP: 0/0
   220 | D:1      | Reached XP level 2. HP: 26/27 MP: 1/1
   783 | D:2      | Reached XP level 3. HP: 33/33 MP: 2/2
  1306 | D:2      | Found a faded altar of an unknown god.
  1344 | D:2      | Found Apaahof's General Store.
  1353 | D:2      | Bought 3 scrolls of identify for 78 gold pieces
  1481 | D:2      | Noticed Robin
  1500 | D:2      | Killed Robin
  1506 | D:2      | Reached XP level 4. HP: 29/40 MP: 3/3
  2942 | D:3      | Found an ornate altar of the Wu Jian Council.
  2996 | D:3      | Found a large runed translucent door.
  2996 | D:3      | Found a large runed translucent door.
  3000 | D:3      | Noticed Taroth's ghost (amateur DrFi)
  3027 | D:3      | Reached XP level 5. HP: 46/47 MP: 4/4
  3523 | D:4      | Reached skill level 5 in Armour
  3964 | D:5      | Entered Level 5 of the Dungeon
  3991 | D:5      | Reached skill level 5 in Shields
  4016 | D:5      | Reached skill level 5 in Fighting
  4016 | D:5      | Reached XP level 6. HP: 48/56 MP: 5/5
  4394 | D:5      | Noticed Menkaure
  4401 | D:5      | Killed Menkaure
  4402 | D:5      | Reached skill level 5 in Polearms
  4402 | D:5      | Reached XP level 7. HP: 22/62 MP: 6/6
  5404 | D:5      | Found a staircase to the Ecumenical Temple.
  5410 | Temple   | Entered the Ecumenical Temple
  5483 | Temple   | Became a worshipper of Trog the Wrathful
  5664 | D:6      | HP: 1/63 [orc warrior/+0 halberd (6)]
  6848 | D:6      | Reached XP level 8. HP: 31/71 MP: 7/7
  6863 | D:5      | Slain by an orc

Illustrated notes

Levels and vault maps discovered:
D:1:      dpeg_arrival_long_road, layout_loops_ring, minmay_indecisive_spiral
D:2:      layout_loops_corners, serial_shops, nicolae_shop_statue_plus,
          shapermc_ecumenical_altar_flowoftime, uniq_robin
D:3:      layout_basic, general_overflow_altar, ebering_ghost_disaster_area
D:4:      layout_basic
D:5:      layout_basic, minmay_temple_entry_fiery, uniq_menkaure
D:6:      layout_basic, makhleb_blood_cavern_becter, slow_altar_2
Temple:   compressed_dpeg_triangle_lava_temple

Skill      XL: |  1  2  3  4  5  6  7 |
---------------+----------------------+-----
Armour         | 4 5 6 |  6.7
Shields        | 4 5 6 |  6.6
Fighting       | 4 5 6 |  6.6
Polearms       | 3 4 5 6 |  6.0

Action                   |  1- 3 |  4- 6 |  7- 9 || total
-------------------------+-------+-------+-------++-------
Melee: Trident           |    91 |   157 |   103 ||   351
       Headbutt          |     8 |    13 |    22 ||    43
Throw: Stone             |       |     2 |     3 ||     5
  Use: Scroll            |     2 |     5 |     2 ||     9
       Potion            |       |       |     2 ||     2
Armor: Scale mail        |    17 |       |       ||    17
       Chain mail        |    18 |   100 |    77 ||   195
Dodge: Dodged            |    27 |    47 |    48 ||   122
Block: Buckler           |     2 |       |       ||     2
       Kite shield       |    18 |    78 |    80 ||   176
